AoeStats
← 种田低手

Arena

510542873Analyzed
4v4 RM · 24h ago on Oct 1, 2026· 38m 55s· 8 players
Game mode
Random Map
Map size
Large (8 player)
Population
200
Speed
Normal
Resources
Standard
Victory
Conquest
Starting age
Dark Age
Ending age
Imperial Age
RankedLock teamsTeams togetherTeam positionsShared explorationLock speedFull tech treeHidden civsTurbo modeCheats
Victory
Defeat
🇳🇱 Bohemians · Netherlands
1068
+16
🇵🇱 Teutons · Poland
1052
+16
🇨🇳 Spanish · China
1040
+17
🇧🇷 Franks · Brazil
1030
+17
🇭🇰 Danes · Hong Kong SAR China
1128
-19
🇭🇰 Byzantines · Hong Kong SAR China
1052
-16
🇭🇰 Varangians · Hong Kong SAR China
1041
-16
🇦🇷 Huns · Argentina
1017
-15
Player
10:41 Feudal Age
11:24 Double-Bit Axe
14:48 Castle Age
13:07 Horse Collar
16:29 Bow Saw
20:45 Heavy Plow
22:01 Loom
24:00 Wheelbarrow
23:57 Stone Mining
25:25 Hand Cart
25:35 Town Watch
25:55 Fletching
26:16 Forging
26:08 Scale Mail Armor
28:56 Imperial Age
27:01 Bodkin Arrow
27:07 Padded Archer Armor
28:47 Stone Shaft Mining
28:06 Gold Mining
29:27 Iron Casting
29:07 Chain Mail Armor
30:09 Conscription
29:10 Elite Teutonic Knight
30:57 Chemistry
31:55 Blast Furnace
31:12 Leather Archer Armor
32:13 Crenellations
32:55 Leather Archer Armor
种田低手
10:39 Feudal Age
14:37 Castle Age
12:30 Horse Collar
12:36 Double-Bit Axe
18:42 Padded Archer Armor
22:44 Leather Archer Armor
23:12 Bloodlines
24:56 Wheelbarrow
26:30 Husbandry
27:33 Loom
28:44 Heavy Plow
34:05 Imperial Age
32:43 Hand Cart
32:14 Town Watch
34:59 Guilds
35:20 Ring Archer Armor
35:05 Bow Saw
34:47 Stone Mining
34:48 Gold Mining
35:30 Conscription
34:38 Elite Conquistador
35:42 Conscription
36:11 Coinage
36:58 Two-Man Saw
36:52 Stone Shaft Mining
36:09 Fletching
36:26 Scale Barding Armor
37:41 Chemistry
38:18 Banking
38:22 Masonry
种田美眉
10:50 Feudal Age
14:32 Castle Age
12:35 Double-Bit Axe
15:40 Bow Saw
28:12 Imperial Age
25:30 Loom
26:51 Scale Barding Armor
26:56 Forging
26:58 Gold Mining
27:01 Stone Mining
28:40 Gold Shaft Mining
28:28 Chain Barding Armor
27:59 Fletching
29:08 Iron Casting
28:47 Husbandry
28:20 Cavalier
29:57 Plate Barding Armor
29:44 Fortified Wall
30:17 Conscription
30:10 Bodkin Arrow
30:21 Paladin
32:55 Blast Furnace
34:03 Hoardings
BlandToaster625
6:36 Loom
10:57 Feudal Age
14:53 Castle Age
13:18 Double-Bit Axe
13:44 Horse Collar
16:14 Bow Saw
22:46 Imperial Age
22:44 Chemistry
21:47 Town Watch
23:31 Heavy Plow
24:55 Two-Man Saw
24:36 Wheelbarrow
25:14 Town Patrol
25:29 Padded Archer Armor
26:04 Town Patrol
30:05 Hand Cart
31:37 Houfnice
36:25 Forging
36:15 Scale Mail Armor
36:14 Fletching
Pietrox75
11:07 Feudal Age
11:36 Double-Bit Axe
13:41 Gold Mining
16:17 Castle Age
15:16 Stone Mining
18:02 Bow Saw
17:36 Horse Collar
18:58 Gold Shaft Mining
24:43 Heavy Plow
25:23 Forging
25:18 Scale Barding Armor
25:23 Forging
27:06 Fletching
27:18 Padded Archer Armor
27:27 Loom
28:19 Wheelbarrow
33:33 Hand Cart
36:13 Husbandry
37:01 Scale Barding Armor
Ncall
10:47 Feudal Age
15:25 Castle Age
14:04 Double-Bit Axe
14:02 Horse Collar
14:27 Gold Mining
19:51 Bow Saw
22:49 Wheelbarrow
28:00 Imperial Age
26:09 Fortified Wall
26:03 Stone Mining
26:10 Loom
26:11 Town Watch
27:22 Heavy Plow
28:42 Hand Cart
28:52 Scale Barding Armor
28:58 Forging
31:07 Chain Barding Armor
31:23 Iron Casting
31:01 Bloodlines
30:52 Husbandry
31:58 Conscription
31:09 Elite Jarl
32:57 Plate Barding Armor
33:45 Crop Rotation
34:17 Two-Man Saw
34:23 Two-Man Saw
34:34 Blast Furnace
33:17 Cavalier
hin
10:33 Feudal Age
14:49 Castle Age
13:01 Double-Bit Axe
13:29 Horse Collar
14:44 Loom
16:24 Fletching
22:28 Bodkin Arrow
23:26 Wheelbarrow
23:05 Gold Mining
24:15 Fortified Wall
28:31 Imperial Age
26:22 Scale Barding Armor
27:08 Bow Saw
27:18 Elite Skirmisher
28:01 Padded Archer Armor
29:12 Heavy Plow
29:48 Light Cavalry
30:29 Husbandry
30:33 Bracer
31:38 Chemistry
32:26 Hoardings
32:18 Crossbowman
33:07 Thumb Ring
33:48 Gold Shaft Mining
34:58 Leather Archer Armor
RicMyName
10:33 Feudal Age
12:06 Double-Bit Axe
13:04 Horse Collar
15:45 Castle Age
14:50 Fletching
15:40 Gold Mining
17:23 Bow Saw
17:32 Loom
21:10 Bodkin Arrow
24:41 Padded Archer Armor
26:42 Bloodlines
27:27 Stone Mining
28:44 Leather Archer Armor
34:29 Imperial Age
32:36 Wheelbarrow
31:46 Town Watch
33:40 Husbandry
34:11 Ballistics
34:09 Thumb Ring
34:32 Crossbowman
35:35 Bracer
34:58 Cranequins
Connection lost

Rejoining the realm…

Still unreachable

The connection could not be restored.

Session expired

The server has moved on; the page needs a fresh start.